 Dungeon Crawl Stone Soup version 0.16-a0-4024-g0ecf4ac (webtiles) character file.

15 ketsa the Insei (level 2, -1/22 HPs)
             Began as a Merfolk Transmuter on Feb 18, 2015.
             Slain by a goblin
             ... wielding a +0 short sword
              (4 damage)
             ... on level 1 of the Dungeon.
             The game lasted 00:01:57 (682 turns).

ketsa the Insei (Merfolk Transmuter)                 Turns: 682, Time: 00:01:57

Health: -1/22      AC:  2    Str: 10    XL:     2   Next: 50%
Magic:  3/4        EV: 13    Int: 12    God:
Gold:   19         SH:  0    Dex: 14    Spells: 1 memorised, 4 levels left

rFire  . . .     SeeInvis .       - Unarmed
rCold  . . .     Clarity  .     c - +0 robe
rNeg   . . .     SustAb   .     (no shield)
rPois  .         Gourm    .     (helmet restricted)
rElec  .         Spirit   .     (no cloak)
rCorr  .         Warding  .     (no gloves)
rMut   .         Stasis   .     (no boots)
MR     .....                    (no amulet)
Stlth  +.........               (no ring)
                                k - ring of teleport control

@: appendage (expiring), not resistant to hostile enchantments, very unstealthy
A: change form in water, swift swim, horns 2
a: End Transformation, Evoke Teleport Control


You were on level 1 of the Dungeon.
You were not hungry.
You had grown temporary horns.
You visited 1 branch of the dungeon, and saw 2 of its levels.

You collected 19 gold pieces.

Inventory:

Missiles
 b - 12 arrows
Armour
 c - a +0 robe (worn)
 j - a +0 robe
Jewellery
 k - a ring of teleport control (left hand)
Scrolls
 h - a scroll of remove curse {unknown}
 l - a scroll of noise {unknown}
 n - a scroll of identify {unknown}
Potions
 e - a potion of flight {unknown}
 g - a potion of brilliance {unknown}
 i - a potion of mutation {unknown}
 m - a potion of heal wounds {unknown}
Books
 d - a book of Changes

   Spells                             Type                      Level
   a - Beastly Appendage              Transmutation                1
   b - Sticks to Snakes               Transmutation                2
   c - Spider Form                    Transmutation/Poison         3
   d - Ice Form                       Ice/Transmutation            4
   e - Blade Hands                    Transmutation                5
Comestibles
 a - a bread ration
 f - a chunk of flesh


   Skills:
 + Level 1.7 Fighting
 + Level 3.0 Dodging
 * Level 3.7 Unarmed Combat
 - Level 2.0 Spellcasting
 - Level 2.6 Transmutations


You had 4 spell levels left.
You knew the following spells:

 Your Spells              Type           Power        Failure   Level  Hunger
a - Beastly Appendage     Trmt           #.....       12%         1    ##.....


Dungeon Overview and Level Annotations

Branches:
Dungeon (2/15)

Altars:


Innate Abilities, Weirdness & Mutations

You revert to your normal form in water.
You are very nimble and swift while swimming.
You have a pair of horns on your head.


Message History

Your horns disappear.
Casting: Beastly Appendage
Confirm with . or Enter, or press ? or * to list all spells.
You grow a pair of large bovine horns.
The goblin closely misses you.
You barely miss the goblin. The goblin misses you.
You hit the goblin.
You kill the goblin!
Your Dodging skill increases to level 3!
The goblin shoots a stone.
The stone hits you.
* * * LOW HITPOINT WARNING * * *
You hit the goblin but do no damage.
The goblin unwields an uncursed hunting sling.
The goblin wields an uncursed short sword.
The goblin barely misses you.
You barely miss the goblin. The goblin misses you.
You barely miss the goblin. The goblin hits you but does no damage.
You hit the goblin but do no damage. The goblin misses you.
You hit the goblin but do no damage.
The goblin hits you with an uncursed short sword.
You die...

.................................
#.#########'#######.#.#.#########
..#................#.#
##.#.#.####'####.#..#
.....##..##.##..###.#
......###.....###...#
......#####.####.####
####..#...#.## #(# ......#......#
#@# ..#...#......# #g# #.#
#......# #.# .# #......# #.# #
#......###'#### ###....#..(...#
#....#......# #....#......#
#....'......#


You could see a goblin.

Vanquished Creatures
  A giant gecko (D:1)
  A giant cockroach (D:1)
  5 goblins (D:1)
  A hobgoblin (D:1)
  A bat (D:1)
  4 rats (D:1)
13 creatures vanquished.

Notes
Turn   | Place    | Note
--------------------------------------------------------------
     0 | D:1      | ketsa, the Merfolk Transmuter, began the quest for the Orb.
     0 | D:1      | Reached XP level 1. HP: 15/15 MP: 3/3
   150 | D:1      | Reached XP level 2. HP: 18/21 MP: 2/4
   682 | D:1      | Slain by a goblin

Action                   || total
-------------------------++-------
Melee: Unarmed           ||    46
 Cast: Beastly Appendage ||     6
 Stab: Sleeping          ||     1
